Map: Ephemeron LE

Players

ŇIĦЄD - Winner!

  • Race: Zerg Zerg
  • League: Master
  • Spawn Location: 11:00

ProNoob

  • Race: Terran Terran
  • League: Diamond
  • Spawn Location: 5:00

VOD

Have the link to the VOD?

Description

Time

  • Played on: Oct. 31, 2019, 2:23 p.m.
  • Length: 14:55
Show
View Real Time Build Order
Export as new Build Order

ŇIĦЄD Zerg - Winner!

Build Orders: Hatch First 

Get SALT Encoding   

  12  0:00  Drone  
  13  0:13  Overlord  
  13  0:17  Drone  
  14  0:31  Drone x2  
  16  0:37  Drone  
  17  0:52  Hatchery  
  17  0:56  Drone  
  17  1:01  Drone  
  18  1:10  Drone  
  19  1:13  Extractor  
  18  1:19  Spawning Pool  
  18  1:21  Drone  
  18  1:37  Drone  
  19  1:45  Drone  
  20  1:54  Overlord  
  20  2:06  Queen  
  20  2:07  Queen  
  24  2:08  Zergling x2  
  24  2:09  Zergling x2  
  26  2:17  Metabolic Boost  
  26  2:28  Hatchery  
  25  2:33  Spore Crawler  
  25  2:35  Drone  
  25  2:39  Drone x2  
  28  2:48  Drone x4  
  32  2:58  Queen  
  32  3:04  Overlord  
  34  3:10  Overlord  
  34  3:11  Overlord  
  34  3:15  Drone x2  
  36  3:39  Queen  
  36  3:40  Drone x2  
  36  3:41  Drone x3  
  45  3:43  Drone  
  45  3:45  Pneumatized Carapace  
  44  3:59  Drone x2  
  44  4:00  Queen  
  48  4:05  Overlord  
  48  4:07  Drone x3  
  48  4:08  Drone  
  52  4:15  Queen  
  54  4:20  Drone  
  54  4:21  Drone x2  
  57  4:27  Queen  
  57  4:31  Drone x6  
  62  4:32  Drone  
  62  4:33  Overlord x2  
  66  4:43  Overlord x2  
  66  4:50  Queen  
  68  4:53  Zergling x2  
  68  4:54  Zergling x6  
  68  4:55  Zergling x6  
  75  5:03  Zergling x4  
  75  5:06  Zergling x2  
  78  5:08  Zergling x2  
  78  5:11  Zergling x8  
  78  5:12  Zergling x2  
  84  5:21  Zergling x6  
  87  5:26  Queen  
  87  5:36  Drone x6  
  93  5:44  Drone x4  
  93  5:45  Drone  
  93  5:47  Overlord  
  93  5:48  Extractor  
  97  5:51  Hatchery  
  97  5:52  Drone x2  
  97  5:53  Overlord  
  98  6:03  Overlord x2  
  98  6:05  Queen x2  
  98  6:09  Overlord, Evolution Chamber x2  
  98  6:10  Drone x2  
  102  6:16  Extractor  
  102  6:17  Extractor  
  93  6:18  Drone x3  
  93  6:19  Drone  
  93  6:24  Zergling x10  
  90  6:28  Hatchery  
  89  6:35  Baneling Nest  
  88  6:43  Extractor, Zergling x12  
  88  6:44  Zergling x2  
  94  6:55  Zergling x6  
  94  6:56  Zergling x4  
  94  6:59  Zerg Melee Weapons Level 1, Zerg Ground Armor Level 1  
  99  7:05  Lair  
  99  7:06  Drone x2  
  99  7:07  Drone  
  102  7:09  Queen  
  102  7:12  Drone  
  102  7:13  Drone, Zergling x2  
  102  7:14  Zergling x10  
  112  7:16  Zergling x2  
  112  7:17  Zergling x4  
  112  7:19  Zergling x2  
  112  7:20  Baneling x5  
  112  7:21  Baneling x5  
  112  7:22  Zergling x2  
  117  7:24  Zergling x2  
  117  7:29  Zergling x4  
  120  7:32  Zergling x2  
  120  7:34  Zergling x2  
  103  7:46  Zergling x12  
  103  7:47  Zergling x8  
  103  7:49  Queen  
  115  8:06  Drone  
  115  8:07  Drone x4  
  115  8:09  Drone x5  
  115  8:12  Drone x2  
  127  8:13  Drone x2  
  127  8:17  Baneling x3  
  127  8:18  Baneling x2  
  129  8:26  Drone x2  
  129  8:27  Drone x4  
  133  8:34  Extractor, Overlord x2  
  135  8:35  Extractor  
  135  8:36  Hydralisk Den  
  135  8:37  Zergling x2  
  135  8:38  Infestation Pit, Zergling x20  
  135  8:41  Centrifical Hooks  
  142  8:43  Baneling x4  
  142  8:44  Baneling  
  142  8:45  Zergling x8  
  142  8:46  Zergling x2  
  142  8:48  Zergling x6  
  150  8:53  Zergling x4  
  150  8:54  Zergling x2  
  153  9:02  Zergling x20  
  159  9:17  Hydralisk x2  
  159  9:18  Hydralisk, Zergling x10  
  165  9:28  Overlord x3  
  165  9:29  Zergling x2  
  140  9:39  Hydralisk x3, Zergling x4  
  140  9:40  Hydralisk x2, Zergling x14  
  140  9:41  Zergling x6  
  145  9:54  Zergling x4  
  145  9:55  Zergling x8  
  145  9:57  Zerg Melee Weapons Level 2, Zerg Ground Armor Level 2  
  151  10:01  Drone x7  
  151  10:02  Drone x2  
  151  10:04  Extractor  
  151  10:05  Hive, Extractor, Grooved Spines  
  151  10:06  Drone  
  153  10:20  Zergling x8  
  153  10:21  Zergling x14  
  160  10:22  Zergling x4  
  160  10:27  Hydralisk x4, Zergling x4  
  160  10:28  Zergling x8  
  175  10:31  Baneling  
  175  10:32  Baneling x12  
  175  10:33  Baneling  
  175  10:34  Baneling x7  
  169  10:37  Zergling x8  
  173  10:45  Hydralisk x5, Zergling x6  
  173  10:46  Zergling x6  
  175  10:53  Hydralisk  
  175  10:54  Hydralisk x3, Zergling x10  
  175  10:55  Zergling x4  
  160  11:00  Hydralisk  
  160  11:01  Zergling x4  
  146  11:07  Zergling x4  
  146  11:10  Baneling x5  
  142  11:13  Hydralisk x3  
  142  11:14  Zergling x12  
  150  11:21  Hydralisk x2  
  150  11:22  Zergling x4  
  142  11:28  Hydralisk  
  142  11:29  Zergling x2  
  133  11:34  Hydralisk x3  
  133  11:35  Hydralisk, Zergling x10  
  133  11:37  Zergling x2  
  133  11:39  Queen  
  146  11:40  Queen x3  
  146  11:41  Extractor  
  146  11:42  Baneling  
  146  11:43  Baneling x8  
  153  11:53  Drone  
  153  11:54  Hydralisk x4, Drone, Zergling x4  
  153  11:55  Zergling x6  
  168  12:08  Zergling x4  
  168  12:09  Zergling x18  
  168  12:11  Muscular Augments  
  168  12:12  Hatchery  
  176  12:18  Zergling x6  
  176  12:19  Zergling x4  
  181  12:26  Hatchery, Hydralisk x2, Zergling x2  
  181  12:27  Zergling x2  
  179  12:30  Baneling  
  179  12:31  Baneling x16  
  179  12:32  Zergling x2  
  179  12:34  Zergling x2  
  148  12:56  Zergling x12  
  148  12:57  Zergling x16  
  153  13:04  Queen  
  155  13:08  Zergling x6  
  155  13:09  Zergling x6  
  155  13:11  Zergling x8  
  155  13:12  Zergling x2  
  166  13:13  Baneling x2  
  166  13:23  Baneling  
  166  13:24  Baneling x5  
  166  13:25  Zergling x10  
  166  13:26  Hydralisk, Zergling x4  
  173  13:27  Hydralisk  
  173  13:31  Hydralisk x2  
  181  13:35  Overseer  
  181  13:36  Spire  
  181  13:39  Zergling x8  
  181  13:40  Zergling x2  
  185  13:51  Hydralisk x2  
  185  13:52  Zergling x6  
  185  13:54  Hydralisk x2, Zergling x2  
  185  13:55  Zergling x4  
  196  14:08  Hydralisk  
  196  14:09  Hydralisk x5, Zergling x10  
  193  14:10  Zergling x8  
  198  14:18  Baneling  
  198  14:19  Baneling x17  
  198  14:21  Zergling x4  
  198  14:22  Zergling x4  
  200  14:31  Zergling x14  
  193  14:38  Drone x2  
  182  14:39  Drone  
  182  14:41  Extractor  
  182  14:42  Extractor  
Show
View Real Time Build Order
Export as new Build Order

ProNoob Terran 

Build Orders: Reaper Expand 

Get SALT Encoding   

  12  0:01  SCV  
  13  0:13  SCV  
  14  0:17  Supply Depot  
  14  0:25  SCV  
  15  0:39  SCV  
  15  0:40  Barracks  
  16  0:45  Refinery  
  16  0:51  SCV  
  17  1:03  SCV  
  18  1:15  SCV  
  19  1:27  Orbital Command  
  19  1:28  Reaper  
  20  1:40  Command Center  
  20  1:51  Barracks  
  20  1:56  SCV  
  20  2:00  Barracks Reactor  
  21  2:05  Supply Depot  
  21  2:12  SCV, Refinery  
  22  2:24  Factory  
  22  2:25  SCV  
  23  2:36  Marine  
  23  2:37  Marine  
  24  2:43  SCV  
  26  2:48  Barracks Tech Lab  
  26  2:55  SCV, Marine  
  26  2:56  Marine  
  29  3:02  Orbital Command  
  29  3:08  SCV  
  30  3:13  Marine, Stimpack  
  30  3:19  Starport  
  31  3:20  SCV  
  31  3:22  Factory Reactor  
  31  3:24  Marine  
  31  3:26  Marine  
  34  3:32  SCV  
  35  3:36  Supply Depot  
  35  3:37  Marine  
  35  3:41  SCV  
  37  3:42  Marine  
  37  3:45  Marine  
  37  3:46  Supply Depot  
  39  3:50  SCV  
  39  3:55  Marine  
  40  4:00  Marine  
  40  4:01  SCV  
  42  4:03  Marine  
  42  4:07  Medivac x2  
  42  4:08  Supply Depot  
  47  4:13  Marine  
  47  4:14  SCV  
  47  4:15  SCV  
  50  4:18  Marine  
  51  4:27  SCV x2, Marine  
  54  4:35  Command Center, Marine  
  55  4:50  SCV  
  55  4:51  SCV, Marine x2  
  59  4:57  Barracks  
  59  4:58  Engineering Bay  
  59  4:59  Factory Tech Lab, Engineering Bay  
  59  5:01  Medivac  
  59  5:02  Marine  
  59  5:03  SCV  
  63  5:07  Refinery  
  63  5:15  SCV x2, Marine x2  
  67  5:27  SCV x2  
  65  5:36  Marauder, Marine x2  
  69  5:44  SCV  
  69  5:47  SCV  
  71  5:50  Refinery  
  71  5:51  Medivac, Siege Tank  
  71  5:52  Medivac  
  71  5:53  Marine x2  
  71  5:56  SCV  
  81  5:57  Marine  
  81  6:03  Command Center  
  82  6:07  Barracks Reactor  
  82  6:11  Marine x2  
  82  6:13  SCV  
  82  6:14  Barracks x2  
  82  6:17  SCV, Marine  
  82  6:25  SCV  
  82  6:28  Orbital Command  
  82  6:29  SCV  
  84  6:37  Supply Depot  
  84  6:38  Terran Infantry Weapons Level 1, SCV, Terran Infantry Armor Level 1  
  85  6:42  Armory  
  85  6:48  Supply Depot  
  85  6:56  Supply Depot  
  85  6:58  Supply Depot  
  85  6:59  SCV x3, Medivac, Marine  
  85  7:00  Marine x2  
  93  7:10  Marine  
  93  7:11  SCV x3, Barracks Reactor x2, Siege Tank  
  93  7:14  Marine  
  101  7:16  Marine  
  101  7:20  Barracks  
  102  7:23  SCV x3  
  102  7:24  Marine x2  
  102  7:27  Marine  
  108  7:35  SCV  
  108  7:44  Siege Tank  
  90  7:54  Marauder, Marine x6  
  90  7:56  Medivac x2  
  102  8:03  SCV x2, Barracks  
  102  8:04  Barracks  
  104  8:07  Refinery  
  104  8:08  Refinery  
  104  8:11  Supply Depot  
  104  8:12  Command Center  
  104  8:14  SCV, Marine x2  
  104  8:15  SCV, Marine, Supply Depot  
  104  8:16  Siege Tank  
  112  8:26  Medivac  
  114  8:27  Factory  
  114  8:29  Combat Shield  
  114  8:33  Marine x8  
  122  8:40  SCV x2  
  124  8:42  Missile Turret  
  124  8:47  Marauder, Marine  
  124  8:48  Siege Tank  
  130  8:51  SCV, Marine x2  
  130  8:52  SCV  
  130  8:53  SCV, Marine x2  
  137  9:04  Planetary Fortress  
  137  9:05  SCV x2  
  137  9:06  Marine x3  
  142  9:12  Marauder, Marine x3  
  142  9:13  Marine  
  148  9:23  Marine x4, Siege Tank  
  148  9:24  Marine x3  
  155  9:30  Marine x4  
  162  9:34  Marauder  
  134  9:41  Marine x4  
  134  9:42  Marine x3  
  118  9:48  Marine x4  
  116  9:55  SCV x3, Marine, Siege Tank  
  116  9:58  Marine x2  
  116  9:59  Supply Depot, Marine x3  
  127  10:00  Marine x2  
  127  10:06  Marine x4, Terran Infantry Weapons Level 2  
  134  10:08  Terran Infantry Armor Level 2  
  134  10:13  Marine  
  134  10:14  SCV x2  
  137  10:16  Marine x3  
  137  10:17  Marine x2  
  137  10:18  Supply Depot  
  139  10:23  Orbital Command  
  139  10:27  Siege Tank  
  142  10:35  Marauder, Marine x2  
  144  10:37  Factory Tech Lab  
  118  10:59  Siege Tank  
  118  11:00  Marine x11  
  118  11:01  Marine, Siege Tank  
  118  11:02  Medivac  
  118  11:09  Medivac  
  120  11:12  SCV x2  
  120  11:17  Marine  
  120  11:18  Marine x9  
  123  11:25  Marine  
  124  11:26  Marine  
  124  11:32  Medivac, Siege Tank  
  115  11:33  Siege Tank  
  115  11:35  Marine  
  115  11:36  Marine x4  
  111  11:40  Marine  
  111  11:41  Barracks Reactor x2, Marine x2  
  111  11:42  Medivac  
  111  11:43  Marine  
  111  11:44  Marauder  
  119  11:53  Marine  
  119  11:54  Marine x4  
  120  11:57  Refinery  
  120  11:58  Marine  
  120  11:59  Supply Depot  
  120  12:00  SCV, Refinery  
  120  12:01  SCV x4, Marine  
  130  12:02  Supply Depot, Marine x2  
  130  12:05  Marauder  
  130  12:07  Supply Depot  
  135  12:11  Marine x2  
  135  12:13  SCV x3, Marine x3  
  143  12:16  Marine  
  143  12:19  Marine  
  143  12:20  Marine  
  145  12:23  Medivac, Terran Vehicle Weapons Level 1  
  145  12:24  Medivac  
  145  12:29  SCV x2  
  152  12:30  SCV  
  149  12:49  Starport  
  107  12:51  Starport  
  107  12:53  Starport  
  107  12:55  Marine  
  107  12:56  Marine x13  
  107  12:57  Siege Tank x2  
  97  12:59  SCV x2  
  97  13:04  Supply Depot  
  99  13:09  Missile Turret  
  99  13:13  Supply Depot, Marine  
  99  13:14  Marine x3  
  99  13:19  Marine x6  
  104  13:20  Marine x2  
  104  13:22  Medivac  
  113  13:27  Supply Depot  
  113  13:28  Medivac x3  
  113  13:33  Marine x5  
  124  13:36  Orbital Command  
  124  13:38  Siege Tank  
  124  13:40  Siege Tank  
  130  13:41  Marine x2  
  130  13:43  Medivac  
  133  13:59  Marine  
  133  14:00  Marine x10  
  112  14:11  Marine  
  112  14:12  Marine x2, Siege Tank  
  112  14:13  Siege Tank  
  106  14:17  Marine  
  106  14:18  Marine x4  
  106  14:22  Marine x6  
  112  14:29  Marine x3  
  111  14:35  Marine x2  
  111  14:36  Marine x2  
Tags
 
Add a new tag
Caveats
  • Supply blocks, unpowered buildings, or Contaminate may cause inaccurate times.
  • Supply counts are checked every 10 seconds.